AoeStats
← Ken

Black Forest

507968702Analyzed
4v4 RM · 12d ago on Sep 20, 2026· 53m 56s· 8 players
Game mode
Random Map
Map size
Large (8 player)
Population
200
Speed
Normal
Resources
Standard
Victory
Conquest
Starting age
Dark Age
Ending age
Imperial Age
RankedLock teamsTeams togetherTeam positionsShared explorationLock speedFull tech treeHidden civsTurbo modeCheats
Victory
Defeat
🇨🇳 Franks · China
1040
+16
🇻🇳 Britons · Vietnam
1018
+17
🇨🇳 Franks · China
1017
+17
🇨🇳 Mongols · China
1015
+18
🇹🇼 Tatars · Taiwan
1109
-19
🇹🇷 Teutons · Türkiye
1083
-18
🇹🇷 Mongols · Türkiye
1033
-17
🇪🇸 Byzantines · Spain
960
-14
Ken
0:33 Loom
11:58 Feudal Age
16:15 Castle Age
14:47 Double-Bit Axe
25:06 Wheelbarrow
30:32 Imperial Age
28:43 Gold Mining
29:59 Husbandry
30:06 Scale Barding Armor
30:12 Forging
30:15 Fletching
30:25 Scale Mail Armor
32:16 Bow Saw
32:34 Conscription
32:51 Chain Barding Armor
33:06 Iron Casting
33:08 Chain Mail Armor
32:48 Bodkin Arrow
34:18 Cavalier
35:34 Conscription
35:15 Chivalry
37:14 Gold Shaft Mining
36:29 Stone Mining
37:56 Paladin
43:36 Plate Barding Armor
44:01 Blast Furnace
48:17 Padded Archer Armor
22155426
1:18 Loom
14:03 Feudal Age
18:10 Castle Age
16:34 Double-Bit Axe
16:56 Town Watch
17:12 Stone Mining
19:14 Bow Saw
20:06 Gold Mining
20:32 Gold Mining
24:15 Wheelbarrow
25:53 Town Watch
26:33 Pikeman
29:31 Ballistics
32:26 Imperial Age
31:34 Scale Barding Armor
31:20 Fletching
32:30 Gold Shaft Mining
34:12 Chemistry
32:34 Cavalier
33:39 Forging
33:35 Padded Archer Armor
33:38 Scale Mail Armor
34:27 Halberdier
35:43 Chain Barding Armor
35:21 Bodkin Arrow
36:04 Hand Cart
37:31 Plate Barding Armor
37:32 Iron Casting
37:14 Chain Mail Armor
38:53 Leather Archer Armor
38:48 Paladin
39:30 Husbandry
43:21 Blast Furnace
42:51 Plate Mail Armor
43:20 Town Patrol
52:25 Chivalry
phaple295
5:15 Loom
10:22 Feudal Age
11:13 Double-Bit Axe
11:10 Horse Collar
18:07 Castle Age
16:47 Gold Mining
17:13 Stone Mining
19:26 Wheelbarrow
20:46 Hand Cart
26:55 Gold Shaft Mining
26:33 Bow Saw
26:25 Heavy Plow
32:16 Imperial Age
29:33 Town Watch
29:41 Fletching
29:52 Padded Archer Armor
32:48 Bodkin Arrow
33:09 Leather Archer Armor
33:10 Scale Mail Armor
33:26 Forging
33:45 Conscription
33:42 Bracer
33:15 Elite Longbowman
36:01 Yeomen
36:19 Warwolf
37:10 Bracer
37:42 Ring Archer Armor
38:26 Pikeman
39:07 Squires
40:17 Caravan
40:43 Halberdier
42:37 Chemistry
41:58 Ballistics
42:32 Scale Mail Armor
42:43 Forging
42:20 Arson
43:41 Chain Mail Armor
50:12 Plate Mail Armor
50:18 Iron Casting
49:41 Murder Holes
49:59 Fortified Wall
49:58 Guard Tower
50:00 Arrowslits
49:58 Treadmill Crane
50:29 Masonry
50:11 Heated Shot
50:31 Town Patrol
_xy_2252
0:50 Loom
0:51 Loom
11:36 Feudal Age
12:56 Wheelbarrow
12:47 Town Watch
12:48 Double-Bit Axe
15:55 Castle Age
14:07 Horse Collar
16:57 Hand Cart
21:27 Gold Mining
23:14 Gold Shaft Mining
23:10 Bow Saw
24:55 Stone Mining
27:28 Stone Shaft Mining
27:41 Town Patrol
32:46 Imperial Age
31:59 Caravan
32:29 Padded Archer Armor
32:20 Fletching
34:12 Leather Archer Armor
34:50 Drill
34:59 Fortified Wall
34:56 Siege Engineers
35:52 Chemistry
36:11 Ballistics
35:41 Onager
36:28 Bodkin Arrow
36:46 Masonry
37:12 Coinage
36:54 Elite Mangudai
38:16 Conscription
38:24 Siege Onager
40:13 Bracer
40:21 Thumb Ring
40:42 Parthian Tactics
40:22 Heavy Scorpion
42:01 Banking
42:13 Capped Ram
43:21 Scale Barding Armor
43:28 Forging
43:36 Siege Ram
44:46 Chain Barding Armor
45:42 Nomads
47:45 Iron Casting
47:10 Murder Holes
47:27 Light Cavalry
48:18 Bloodlines
48:09 Husbandry
47:31 Heavy Camel Rider
48:08 Hussar
49:59 Blast Furnace
50:28 Sappers
50:31 Pikeman
51:12 Squires
50:58 Arson
51:15 Scale Mail Armor
52:55 Chain Mail Armor
52:01 Man-at-Arms
53:00 Fervor
52:50 Atonement
52:46 Herbal Medicine
REPLICANT
12:22 Feudal Age
14:43 Double-Bit Axe
14:40 Horse Collar
21:08 Castle Age
20:18 Fletching
22:45 Bow Saw
22:54 Gold Mining
22:56 Stone Mining
28:27 Caravan
28:25 Bodkin Arrow
28:30 Padded Archer Armor
29:32 Ballistics
31:54 Wheelbarrow
32:00 Murder Holes
32:17 Masonry
33:10 Stone Shaft Mining
33:10 Gold Shaft Mining
33:10 Stone Shaft Mining
33:24 Gold Shaft Mining
34:39 Hand Cart
37:37 Imperial Age
36:34 Leather Archer Armor
37:31 Thumb Ring
37:39 Heavy Cavalry Archer
38:47 Parthian Tactics
39:27 Chemistry
38:31 Bracer
38:58 Conscription
38:48 Elite Mangudai
John Kalztan
0:31 Loom
14:56 Feudal Age
16:39 Horse Collar
17:14 Double-Bit Axe
23:28 Castle Age
23:31 Stone Mining
23:58 Scale Mail Armor
24:33 Bow Saw
25:36 Fortified Wall
24:55 Pikeman
27:49 Chain Mail Armor
28:46 Gold Mining
29:15 Heavy Plow
29:33 Squires
30:04 Fletching
35:25 Imperial Age
34:08 Gambesons
35:15 Ballistics
35:59 Gold Shaft Mining
36:03 Halberdier
38:51 Chemistry
39:14 Wheelbarrow
39:36 Conscription
40:32 Plate Mail Armor
Cezalandırıcı
2:55 Loom
12:20 Feudal Age
17:24 Castle Age
15:36 Double-Bit Axe
15:33 Horse Collar
25:58 Heavy Plow
26:09 Bow Saw
26:13 Stone Mining
30:50 Imperial Age
28:44 Fletching
29:01 Gold Mining
28:56 Pikeman
29:22 Gambesons
29:38 Squires
30:23 Wheelbarrow
30:31 Ironclad
30:08 Town Watch
30:34 Scale Mail Armor
32:09 Crop Rotation
32:41 Ballistics
33:24 Chemistry
33:13 Conscription
33:36 Chain Mail Armor
32:47 Halberdier
35:16 Plate Mail Armor
35:48 Hoardings
36:08 Fortified Wall
37:01 Forging
37:48 Stone Shaft Mining
38:34 Iron Casting
39:14 Masonry
39:26 Ballistics
41:31 Hand Cart
42:44 Blast Furnace
DumboBean
1:19 Loom
12:50 Feudal Age
18:14 Castle Age
16:01 Double-Bit Axe
16:10 Horse Collar
16:50 Stone Mining
17:07 Gold Mining
20:25 Wheelbarrow
20:59 Bow Saw
24:30 Heavy Plow
31:33 Imperial Age
28:51 Town Watch
29:50 Silk Armor
30:00 Scale Barding Armor
30:06 Forging
30:31 Hand Cart
31:45 Town Patrol
32:48 Conscription
33:03 Chain Barding Armor
34:37 Plate Barding Armor
34:38 Iron Casting
35:01 Ballistics
34:38 Guard Tower
36:50 Crop Rotation
36:19 Elite Keshik
39:00 Bloodlines
38:52 Husbandry
39:55 Blast Furnace
39:23 Treadmill Crane
Connection lost

Rejoining the realm…

Still unreachable

The connection could not be restored.

Session expired

The server has moved on; the page needs a fresh start.